 Dungeon Crawl Stone Soup version 0.28.0-45-g0d030f2227 (webtiles) character file.

Game seed: 4260048043489697035

18130 pkoi the Covert (level 11, 0/94 HPs)
             Began as a Demigod Brigand on Apr 15, 2022.
             Slain by a cane toad (6 damage)
             ... on level 3 of the Lair of Beasts.
             The game lasted 00:40:44 (17944 turns).

pkoi the Covert (Demigod Brigand)                  Turns: 17944, Time: 00:40:45

Health: 0/94       AC:  8    Str: 18    XL:     11   Next: 99%
Magic:  12/19      EV: 13    Int: 25    God:
Gold:   559        SH:  0    Dex: 15    Spells: 1/16 levels left

rFire   . . .      SeeInvis .   g - +2 short sword (freeze)
rCold   . . .      Faith    .   (no shield)
rNeg    . . .      Spirit   .   j - +1 robe of Vines {NoPotionHeal Regen++++}
rPois   .          Reflect  .   h - +2 hood of the Assassin {Detection Stab+ Stlth++}
rElec   .          Harm     .   c - +0 cloak
rCorr   .          Rampage  .   G - +0 pair of gloves
Will    ++...                   x - +0 pair of boots
Stlth   ++++++....              (no amulet)
HPRegen 3.45/turn               f - +6 ring of strength
MPRegen 0.16/turn               v - ring of willpower

@: lethally poisoned (0 -> 0)
A: high MP 1, forlorn, divine attributes
a: no special abilities


You were on level 3 of the Lair of Beasts.
You visited 2 branches of the dungeon, and saw 11 of its levels.
You also visited: Ossuary.

You collected 559 gold pieces.

Inventory:

Hand Weapons
 a - a +2 dagger of freezing
 g - a +2 short sword of freezing (weapon)
Missiles
 d - 24 poisoned darts (quivered)
 e - 5 curare-tipped darts
 n - 3 atropa-tipped darts
Armour
 c - a +0 cloak (worn)
 h - the +2 hood of the Assassin (worn) {Detection Stab+ Stlth++}
   (You found it on level 7 of the Dungeon)

   It allows the wearer to sense nearby creatures.
   It allows the wearer to make particularly effective stabbing attacks against
   helpless or unaware enemies with any weapon.
   Stlth:     It makes you much more stealthy.
 j - the +1 robe of Vines (worn) {NoPotionHeal Regen++++}
   (You found it on level 7 of the Dungeon)

   Its wearer cannot be healed by potions.
   Regen:     It increases your rate of health regeneration.
 x - a +0 pair of boots (worn)
 G - a +0 pair of gloves (worn)
Magical Staves
 q - a staff of conjuration
Jewellery
 b - a ring of ice
 f - a +6 ring of strength (left hand)
 s - a ring of positive energy
 v - a ring of willpower (right hand)
 y - a ring of protection from fire
 C - a ring of ice
Wands
 m - a wand of digging (6)
 w - a wand of mindburst (4)
 F - a wand of iceblast (5)
 H - a wand of polymorph (2)
Scrolls
 l - a scroll of identify
 u - 2 scrolls of enchant armour
 B - a scroll of magic mapping
 D - 2 scrolls of teleportation
Potions
 i - a potion of magic
 k - 2 potions of ambrosia
 o - 2 potions of flight
 p - a potion of cancellation
 r - a potion of heal wounds
 t - 2 potions of might
 z - a potion of haste
 A - a potion of brilliance
 E - a potion of berserk rage


   Skills:
 - Level 8.0 Fighting
 + Level 8.2 Short Blades
 - Level 1.7 Throwing
 + Level 3.9 Dodging
 + Level 9.6 Stealth
 - Level 3.0 Spellcasting
 + Level 3.2 Conjurations
 - Level 4.0 Hexes
 + Level 6.8 Summonings
 + Level 3.2 Fire Magic
 + Level 4.6 Ice Magic
 - Level 4.0 Evocations


You had one spell level left.
You knew the following spells:

 Your Spells              Type           Power      Damage    Failure   Level
a - Summon Small Mammal   Summ           100%       N/A       1%          1
b - Call Canine Familiar  Summ           38%        N/A       1%          3
c - Summon Guardian Gole  Hex/Summ       30%        N/A       3%          3
d - Summon Ice Beast      Ice/Summ       32%        N/A       10%         4
e - Sticky Flame          Conj/Fire      19%        2d4       26%         4

Your spell library contained the following spells:

 Spells                   Type           Power      Damage    Failure   Level
 Slow                     Hex            92%        N/A       1%          1
 Animate Skeleton         Necr           6%         N/A       10%         1
 Confusing Touch          Hex            23%        N/A       6%          3
 Static Discharge         Conj/Air       11%        N/A       8%          2
 Portal Projectile        Hex/Tloc       26%        N/A       13%         3
 Vampiric Draining        Necr           3%         2d6       30%         3
 Summon Mana Viper        Hex/Summ       30%        N/A       30%         5
 Leda's Liquefaction      Hex/Erth       6%         N/A       41%         4
 Dispel Undead            Necr           3%         3d7       69%         4
 Monstrous Menagerie      Summ           19%        N/A       99%         7
 Death Channel            Necr           1%         N/A       100%        6
 Chain Lightning          Conj/Air       5%         3d7       100%        9


Dungeon Overview and Level Annotations

Branches:
Dungeon (8/15)             Temple (0/1) D:5            Lair (3/6) D:8
  Swamp (0/4) Lair:3      Ossuary (visited)
  Snake: Lair:2-4    Spider: Lair:2-4

Shops:
D:1 ==*(   D:8 (

Annotations:
D:3 2 runed translucent doors, issech's ghost, amateur TrMo
D:6 3 runed translucent doors, skusey55's ghost, novice DrBe
D:8 Pikel
Lair:1 exclusion: oklob plant


Innate Abilities, Weirdness & Mutations

You have an increased reservoir of magic. (+10% MP)
You shall have no god before yourself.
Your divine heritage dramatically boosts your attributes as you level up.


Message History

Your ice beast barely misses the blink frog.
You closely miss the blink frog.
The blink frog is severely wounded.
You feel sick.
Your hound completely misses the blink frog.
The blink frog blinks!
The blink frog closely misses your hound.
The cane toad stings you!!
* * * LOW HITPOINT WARNING * * *
The blink frog misses you.
You puncture the cane toad! You freeze the cane toad.
The cane toad is heavily wounded.
You feel sick.
Your hound barely misses the blink frog.
Your ice beast misses the blink frog.
The blink frog hits your hound!
Your hound dies!
Your hound's corpse disappears in a puff of smoke!
The cane toad stings you.
* * * LOW HITPOINT WARNING * * *
You are more poisoned.
The cane toad poisons you!
The blink frog croaks.
You feel very sick.
You feel very sick.
Your ice beast closely misses the blink frog.
The blink frog blinks!
The cane toad misses you.
The elephant tramples your guardian golem!!
Your guardian golem holds its ground!
The elephant trunk-slaps your guardian golem but does no damage.
You feel very sick.
The blink frog hits your guardian golem.
Your guardian golem overheats!
Aiming: Mindburst
Press: ? - help, Shift-Dir - straight line, f - cane toad
Aim: a cane toad (heavily wounded, ally target, chance to affect: 79%)
The cane toad's mind is blasted!!
You feel very sick.
The blink frog hits your guardian golem but does no damage.
The cane toad stings you.
You die...

#####......................##
#.##....[..................P##
.....YY...F..................#
.................###.#.....###
.............YFF.########...#
...........Y.{.9Y.# #..##
#####.....#.###Y.## #...# #
#......### ##F## #..## ##
##....#.# #.@.# ##..#
{###........ ##..#####.#..##
.##.#...(#.#.###............#####
.Y...Y.....................#.#.#.
...............###P.#............
............... ####.....#......
.............. #.....##....#.
...............# #.....#.....##
...............# #P....##....##


You could see 2 elephants, a cane toad (ally target), 2 blink frogs, a friendly
guardian golem (summoned, inner flame) and a friendly ice beast (summoned,
sheltered).

Vanquished Creatures
  A hydra (Lair:1)
  A catoblepas (Lair:3)
  3 elephants (Lair:2)
  3 cane toads
  3 komodo dragons
  A troll (D:7)
  3 polar bears
  A hornet (D:8)
  5 blink frogs
  Prince Ribbit (D:6)
  2 wyverns (Lair:1)
  2 yaks
  A fire elemental (Lair:1)
  2 steam dragons (D:7)
  Menkaure (D:4)
  Edmund (D:4)
  7 water moccasins
  3 black bears
  4 necrophages
  A sky beast (D:7)
  An ogre (D:7)
  4 wolves
  2 centaurs
  2 lemures (D:8)
  2 elf zombies (Ossuary)
  A scorpion (D:7)
  4 bullfrogs
  A killer bee (D:7)
  7 wights
  2 centaur zombies
  A lava snake (Lair:1)
  4 hounds
  3 human zombies (Ossuary)
  An orc priest (D:3)
  Crazy Yiuf (D:7)
  A jelly (D:8)
  A bullfrog skeleton (D:4)
  A centaur skeleton (D:4)
  2 iguanas
  2 orc wizards (D:7)
  Terence (D:2)
  2 mummies (Ossuary)
  A howler monkey zombie (D:5)
  7 gnolls
  6 adders
  A white imp (D:6)
  2 adder zombies (Ossuary)
  2 worms
  A dart slug (D:5)
  8 orcs
  5 endoplasms
  3 hobgoblins
  5 jackals (D:3)
  4 kobolds
  5 quokkas
  3 ball pythons
  5 bats
  2 frilled lizards (D:2)
  3 goblins
  A goblin zombie (Ossuary)
  9 hobgoblin zombies (Ossuary)
  A jackal zombie (Ossuary)
  10 kobold zombies (Ossuary)
  8 orc zombies (Ossuary)
  2 rats
  2 toadstools (D:1)
188 creatures vanquished.

Vanquished Creatures (collateral kills)
  2 hydras
  An elephant (Lair:2)
  A black mamba (Lair:3)
  A cane toad (Lair:2)
  2 komodo dragons
  2 blink frogs (Lair:3)
  A yak (Lair:1)
  A bullfrog (Lair:2)
  A killer bee (D:7)
12 creatures vanquished.

Vanquished Creatures (others)
  A hydra (Lair:2)
  A black mamba (Lair:3)
  2 elephants (Lair:2)
  Maggie (D:8)
  2 cane toads (Lair:3)
  9 yaks
  2 wolves (Lair:2)
  2 bullfrogs
  A killer bee (D:8)
  13 fungi
  36 plants
  2 toadstools (D:1)
72 creatures vanquished.

Grand Total: 272 creatures vanquished

Notes
Turn   | Place    | Note
-------+----------+-------------------------------------------
     0 | D:1      | pkoi the Demigod Brigand began the quest for the Orb.
     0 | D:1      | Reached XP level 1. HP: 17/17 MP: 3/3
    60 | D:1      | Found Biblauga's General Store.
   158 | D:1      | Found Vojip's Antique Weapon Shoppe.
   679 | D:1      | Found Lilifu's Jewellery Boutique.
   743 | D:1      | Found Qoruuj's Jewellery Emporium.
  1109 | D:2      | Reached XP level 2. HP: 22/24 MP: 4/4
  1373 | D:2      | Noticed Terence
  1376 | D:2      | Killed Terence
  1402 | D:2      | Reached XP level 3. HP: 21/29 MP: 5/5
  1512 | D:2      | Reached skill level 4 in Stealth
  1756 | D:2      | Reached skill level 1 in Evocations
  3052 | D:3      | Reached XP level 4. HP: 21/37 MP: 6/6
  3544 | D:3      | Found a runed translucent door.
  3549 | D:3      | Noticed issech's ghost (amateur TrMo)
  3895 | D:3      | Found a runed translucent door.
  3977 | D:3      | Reached XP level 5. HP: 44/44 MP: 7/7
  4243 | D:4      | Noticed a necrophage
  4395 | D:4      | Noticed Edmund
  4411 | D:4      | Killed Edmund
  4730 | D:4      | Learned a level 1 spell: Summon Small Mammal
  4830 | D:4      | Reached skill level 5 in Stealth
  4830 | D:4      | Reached XP level 6. HP: 51/51 MP: 7/9
  4862 | D:4      | Reached skill level 1 in Summonings
  5351 | D:4      | Reached skill level 1 in Spellcasting
  5414 | D:4      | Noticed Menkaure
  5905 | D:5      | Entered Level 5 of the Dungeon
  6664 | D:5      | Found a staircase to the Ecumenical Temple.
  6700 | D:5      | Reached XP level 7. HP: 14/58 MP: 10/12
  7799 | D:6      | Noticed Prince Ribbit
  7810 | D:6      | Killed Prince Ribbit
  7941 | D:6      | Learned a level 3 spell: Call Canine Familiar
  8252 | D:6      | Reached XP level 8. HP: 67/67 MP: 14/14
  8254 | D:6      | Found a runed translucent gate.
  8255 | D:6      | Found a runed translucent gate.
  8255 | D:6      | Found a runed translucent gate.
  8259 | D:6      | Noticed skusey55's ghost (novice DrBe)
  8515 | D:6      | Reached skill level 6 in Stealth
  8757 | D:7      | Found a sand-covered staircase.
  8762 | Ossuary  | Entered an ossuary
 10210 | D:7      | Reached skill level 5 in Fighting
 10210 | D:7      | Reached skill level 5 in Short Blades
 10317 | D:7      | Noticed a troll
 10320 | D:7      | Noticed a seven-headed hydra
 10558 | D:4      | Killed Menkaure
 11349 | D:7      | Killed a troll
 11350 | D:7      | Reached XP level 9. HP: 70/74 MP: 16/16
 11355 | D:7      | Learned a level 3 spell: Summon Guardian Golem
 11384 | D:7      | Found the +2 hood of the Assassin {Detection Stab+ Stlth++}
 11430 | D:7      | Reached skill level 1 in Dodging
 11608 | D:7      | Reached skill level 7 in Stealth
 11808 | D:7      | Found the +1 robe of Vines {NoPotionHeal Regen++++}
 12022 | D:7      | Found a runed translucent door.
 12023 | D:7      | Noticed Crazy Yiuf
 12033 | D:7      | Killed Crazy Yiuf
 12154 | D:8      | Noticed a fire dragon
 12216 | D:8      | Noticed Maggie
 12227 | D:8      | Reached skill level 1 in Hexes
 12323 | D:8      | Killed Maggie
 12631 | D:8      | Found a staircase to the Lair.
 12814 | D:8      | Noticed Pikel
 13248 | D:8      | Found Elirhewi's Antique Weapon Boutique.
 13335 | Lair:1   | Entered Level 1 of the Lair of Beasts
 13853 | Lair:1   | Learned a level 4 spell: Summon Ice Beast
 13912 | Lair:1   | Reached XP level 10. HP: 77/84 MP: 17/17
 13916 | Lair:1   | Noticed a five-headed hydra
 13942 | Lair:1   | Reached skill level 8 in Stealth
 14061 | Lair:1   | Noticed a six-headed hydra
 14066 | Lair:1   | Killed a six-headed hydra
 14067 | Lair:1   | Reached skill level 1 in Ice Magic
 14181 | Lair:1   | Reached skill level 5 in Summonings
 14442 | Lair:1   | Killed a five-headed hydra
 14702 | Lair:1   | Noticed an oklob plant
 15384 | Lair:2   | Noticed an elephant
 15385 | Lair:2   | Noticed an elephant
 15387 | Lair:2   | Noticed an elephant
 15388 | Lair:2   | Noticed an elephant
 15410 | Lair:2   | Killed an elephant
 15553 | Lair:2   | Reached XP level 11. HP: 26/92 MP: 16/19
 15777 | Lair:2   | Got the Almanac of the Special Xalams
 15818 | Lair:2   | Learned a level 4 spell: Sticky Flame
 15874 | Lair:2   | Noticed a seven-headed hydra
 15906 | Lair:2   | Killed a seven-headed hydra
 16098 | Lair:2   | Noticed a seven-headed hydra
 16114 | Lair:2   | Reached skill level 9 in Stealth
 16114 | Lair:2   | Reached skill level 1 in Conjurations
 16121 | Lair:2   | Reached skill level 1 in Fire Magic
 16121 | Lair:2   | Killed a seven-headed hydra
 16631 | Lair:2   | Noticed a five-headed hydra
 17100 | Lair:3   | HP: 2/94 [themself (41)]
 17111 | Lair:3   | Found a staircase to the Swamp.
 17653 | Lair:3   | Noticed a catoblepas
 17715 | Lair:3   | Killed a catoblepas
 17944 | Lair:3   | Slain by a cane toad

Illustrated notes

Levels and vault maps discovered:
D:1:      ldierk_water_garden, layout_basic,
          hellmonk_ecumenical_altar_crossroads, serial_shops,
          nicolae_shop_crystal, shop, shop, shop
D:2:      layout_rooms, basic_altar, minmay_misc_feat_doors,
          lemuel_another_geyser, uniq_terence
D:3:      layout_basic, kennysheep_ying_yang, ebering_ghost_sewer_f,
          corexii_shack
D:4:      layout_loops_cross, minmay_crossroads, uniq_edmund, uniq_menkaure
D:5:      layout_basic, nemelex_diamond_rough_becter, minmay_temple_entry_ruins
D:6:      layout_basic, mainiacjoe_overflow_tiny_flanked,
          ebering_ghost_rock_garden, uniq_prince_ribbit1
D:7:      layout_loops_ring, overflow_temple_1_default,
          mainiacjoe_overflow_alcove_4, enter_ossuary_5,
          hellmonk_guarded_unrand_vines, uniq_crazy_yiuf_cottage
D:8:      layout_loops_cross, minmay_lair_entry_lava, serial_shops,
          nicolae_shop_stone, uniq_pikel, uniq_maggie
Lair:1:   layout_gridlike, tgw_fedhas
Lair:2:   layout_big_grid, minmay_shattered_shrine
Lair:3:   layout_small_grid, minmay_swamp_entry_eels

Skill      XL: |  1  2  3  4  5  6  7  8  9 10 11 |
---------------+----------------------------------+-----
Fighting       | 2 3 4 5 6 7 8 |  8.0
Short Blades   | 2 3 4 5 6 7 8 |  8.2
Stealth        | 4 5 6 7 8 9 |  9.6
Evocations     | 1 2 4 |  4.0
Summonings     | 1 2 4 5 6 |  6.8
Spellcasting   | 1 2 3 |  3.0
Dodging        | 2 3 |  3.9
Hexes          | 2 4 |  4.0
Ice Magic      | 3 4 |  4.6
Conjurations   | 3 |  3.2
Fire Magic     | 3 |  3.2
Throwing       | |  1.7

Action                   |  1- 3 |  4- 6 |  7- 9 | 10-12 || total
-------------------------+-------+-------+-------+-------++-------
Melee: Dagger            |   110 |    43 |     1 |   149 ||   303
       Punch             |     3 |     1 |     7 |     6 ||    17
       Short sword       |       |   134 |   563 |   262 ||   959
Throw: Dart              |       |    13 |     2 |       ||    15
 Cast: Summon Small Mamm |       |     3 |       |       ||     3
       Call Canine Famil |       |       |     7 |    22 ||    29
       Summon Guardian G |       |       |     5 |    26 ||    31
       Summon Ice Beast  |       |       |       |    25 ||    25
Evoke: Wand              |       |       |     3 |     1 ||     4
  Use: Scroll            |     4 |     5 |     7 |     8 ||    24
       Potion            |       |       |     5 |     1 ||     6
 Stab: Sleeping          |     7 |     7 |    14 |     8 ||    36
       Distracted        |       |     2 |       |     7 ||     9
       Invisible         |       |     2 |       |       ||     2
Armor: Robe              |    29 |    45 |   147 |   109 ||   330
Dodge: Dodged            |    51 |    91 |   272 |   243 ||   657
